 Dungeon Crawl Stone Soup version 0.17-a0-2069-g0f4ee5b (webtiles) character file.

184 admarant the Cudgeler (level 5, -4/53 HPs)
             Began as a Troll Berserker on Oct 13, 2015.
             Was a Believer of Trog.
             Shot with an arrow by a centaur (9 damage)
             ... on level 6 of the Dungeon.
             The game lasted 00:13:11 (2082 turns).

admarant the Cudgeler (Troll Berserker)             Turns: 2082, Time: 00:13:11

Health: -4/53      AC:  5    Str: 25      XL:     5   Next: 36%
Magic:  4/4        EV: 10    Int:  3      God:    Trog [**....]
Gold:   91         SH:  0    Dex:  7 (10) Spells: 0 memorised, 4 levels left

rFire  . . .     SeeInvis .     a - +1 mace
rCold  . . .     Clarity  .     b - +0 animal skin
rNeg   . . .     SustAt   .     (no shield)
rPois  .         Gourm    +     (helmet restricted)
rElec  .         Spirit   .     (no cloak)
rCorr  .         Warding  .     (gloves unavailable)
rMut   .         Stasis   .     (boots unavailable)
MR     .....                    (no amulet)
Stlth  +.........               (no ring)
                                j - +3 ring of slaying

@: not resistant to hostile enchantments, very unstealthy
A: unfitting armour, claws 3, fast metabolism 3, gourmand, regeneration 2,
shaggy fur 1, tough skin 2
a: Burn Spellbooks, Berserk, Trog's Hand, Renounce Religion


You were on level 6 of the Dungeon.
You worshipped Trog.
Trog was pleased with you.
You were full.

You visited 1 branch of the dungeon, and saw 5 of its levels.

You collected 91 gold pieces.

Inventory:

Hand Weapons
 a - a +1 mace (weapon)
Missiles
 e - 114 stones (quivered)
Armour
 b - a +0 animal skin (worn)
Jewellery
 j - a +3 ring of slaying (left claw)
Wands
 u - a wand of random effects (26)
 w - a wand of fire (12)
Scrolls
 h - 2 scrolls of enchant weapon
 l - a scroll of identify
 m - 2 scrolls of teleportation
Potions
 g - 3 potions of curing
 k - 2 potions of heal wounds
 o - a potion of flight
Comestibles
 c - 3 bread rations
 d - 3 fruits
 r - a meat ration
 s - a beef jerky
 v - 6 chunks of flesh


   Skills:
 * Level 3.5 Fighting
 * Level 3.9 Maces & Flails
 + Level 1.2 Throwing
 + Level 3.0 Dodging


You had 4 spell levels left.
You didn't know any spells.

Dungeon Overview and Level Annotations

Branches:
Dungeon (6/15)
 Temple: D:4-7

Altars:
Qazlal
Xom
Yredelemnul


Innate Abilities, Weirdness & Mutations

You are too large for most types of armour.
You have claws for hands.
Your metabolism is lightning-fast.
You like to eat raw meat.
You heal very quickly.
You are covered in fur (AC +1).
You have very tough skin (AC +2).


Message History

The jackal barks!
The centaur shoots an arrow.
The arrow hits you!
* * * LOW HITPOINT WARNING * * *
You see here an arrow.
The centaur shoots an arrow.
The arrow barely misses you.
Found a scroll labeled ROXZIO VOFEL.
You see here an arrow.
The jackal bites you but does no damage.
The jackal barely misses you.
The centaur shoots an arrow.
The arrow misses you.
Found a scroll labeled EJUOCY KERU.
Things that are here:
an arrow; a scroll of enchant weapon The jackal bites you but does no damage.
The jackal bites you.
* * * LOW HITPOINT WARNING * * *
The jackal barely misses you. The jackal completely misses you.
You found a teleport trap!
The centaur shoots an arrow.
The arrow hits you!
You die...

###.. #.. #.. #.. #..
##. ## ## ##.#####
###..@.hh####
#....^..hh.(###
#.............(#### #
#......?..c....(..# ###
......?............###..
....................(.c#
#....................###
#.......................
...............####.##


You could see a centaur and 4 jackals.

Vanquished Creatures
  Crazy Yiuf (D:3)
  Jessica (D:3)
  Terence (D:2)
  4 adders
  An ooze (D:2)
  3 worms
  A giant gecko (D:2)
  4 orcs (D:3)
  7 bats
  5 hobgoblins
  3 jackals (D:3)
  4 kobolds
  2 quokkas (D:3)
  2 giant cockroaches
  2 giant newts
  8 goblins
  6 rats
55 creatures vanquished.

Vanquished Creatures (others)
  A kobold (D:2)
  A goblin (D:2)
2 creatures vanquished.

Grand Total: 57 creatures vanquished

Notes
Turn   | Place    | Note
--------------------------------------------------------------
     0 | D:1      | admarant the Troll Berserker began the quest for the Orb.
     0 | D:1      | Reached XP level 1. HP: 22/22 MP: 0/0
   278 | D:1      | Reached XP level 2. HP: 29/29 MP: 1/1
   529 | D:2      | Reached skill level 3 in Maces & Flails
   577 | D:2      | Noticed Terence
   583 | D:2      | Killed Terence
   583 | D:2      | Reached XP level 3. HP: 36/36 MP: 2/2
   862 | D:3      | Reached ** piety under Trog
   968 | D:2      | Reached XP level 4. HP: 45/45 MP: 3/3
  1057 | D:2      | Found a shimmering altar of Xom.
  1116 | D:2      | Found a stormy altar of Qazlal.
  1404 | D:3      | Noticed Jessica
  1424 | D:3      | Killed Jessica
  1596 | D:3      | Reached skill level 1 in Throwing
  1659 | D:3      | Found a faded altar to an unknown god.
  1781 | D:3      | Reached XP level 5. HP: 53/53 MP: 4/4
  1824 | D:3      | Noticed Crazy Yiuf
  1832 | D:3      | Killed Crazy Yiuf
  2051 | D:3      | You fall through a shaft for 3 floors!
  2051 | D:6      | Noticed a centaur
  2069 | D:6      | Found a basalt altar of Yredelemnul.
  2073 | D:6      | HP: 1/53 [centaur/arrow (10)]
  2082 | D:6      | Shot with an arrow by a centaur

Vault maps used:
D:1:      dpeg_arrival_stonehenge_8_columns
D:2:      xom_butterflies, grunt_decor_arrowhead,
          nicolae_qazlal_eye_of_the_storm, uniq_terence
D:3:      first_bread, ecumenical_altar_1, minmay_ruptured,
          uniq_crazy_yiuf_cottage, uniq_jessica
D:4:      elyvilon_altar_4, gammafunk_temple_overflow_wave
D:6:      old_standard_altar, kennysheep_small_square, uniq_sigmund

Action                   |  1- 3 |  4- 6 || total
-------------------------+-------+-------++-------
Melee: Mace              |    42 |    61 ||   103
Throw: Stone             |    17 |    42 ||    59
  Use: Scroll            |     7 |     3 ||    10
       Potion            |       |     9 ||     9
  Eat: Chunk             |     6 |    15 ||    21
